 Dungeon Sprint DCSS version 0.17.1-3-g152610e (webtiles) character file.

76 Groucho the Skirmisher (level 4, -11/44 HPs)
             Began as a Naga Fighter on Apr 26, 2016.
             Was a Priest of Cheibriados.
             Mangled by an orc warrior
             ... wielding a +0 glaive
              (23 damage)
             ... in the Dungeon (Sprint VII: "The Pits").
             The game lasted 00:01:40 (832 turns).

Groucho the Skirmisher (Naga Fighter)                Turns: 832, Time: 00:01:40

Health: -11/44     AC:  5    Str: 26    XL:     4   Next: 32%
Magic:  9/9        EV:  7    Int: 15    God:    Cheibriados [***...]
Gold:   0          SH: 10    Dex: 18    Spells: 0 memorised, 9 levels left

rFire  . . .     SeeInvis +     a - +0 war axe
rCold  . . .     Clarity  .     b - +0 scale mail
rNeg   . . .     SustAt   .     c - +0 shield
rPois  +         Gourm    .     (no helmet)
rElec  .         Spirit   .     (no cloak)
rCorr  .         Warding  .     (no gloves)
rMut   .         NoTele   +     (no barding)
MR     .....                    (no amulet)
Stlth  ..........               (no ring)
                                (no ring)

@: very slow, not resistant to hostile enchantments, extremely unstealthy
A: see invisible, deformed body, poison resistance, slowness 2, slow metabolism
1, spit poison 2, AC +1
a: Spit Poison, Bend Time, Temporal Distortion, Renounce Religion


You were in the Dungeon.
You worshipped Cheibriados.
Cheibriados was most pleased with you.
You were not hungry.

You visited 1 branch

Inventory:

Hand Weapons
 a - a +0 war axe (weapon)
Missiles
 r - 10 stones (quivered)
Armour
 b - a +0 scale mail (worn)
 c - a +0 shield (worn)
Scrolls
 k - a scroll of blinking
 o - 3 scrolls of remove curse
 p - 5 scrolls of amnesia
 q - a scroll of summoning
Potions
 d - a potion of might
 f - a potion of curing
 h - a potion of haste
 i - 4 potions of magic
 j - 3 potions of berserk rage
 n - 2 potions of invisibility
Comestibles
 e - 8 bread rations
 l - 40 fruits
 m - 7 meat rations


   Skills:
 + Level 4.0 Fighting
 + Level 3.3 Axes
 + Level 3.2 Armour
 + Level 1.7 Dodging
 + Level 3.2 Shields
 * Level 3.4 Spellcasting
 * Level 3.7 Invocations


You had 9 spell levels left.
You didn't know any spells.

Dungeon Overview and Level Annotations

Branches:
Dungeon (1/1)

Altars:
Ashenzari
Cheibriados
Dithmenos
Elyvilon
Fedhas
Gozag
Kikubaaqudgha
Makhleb
Nemelex Xobeh
Okawaru
Qazlal
Ru
Sif Muna
Trog
Vehumet
Xom
Yredelemnul
Zin
The Shining One
Beogh
Jiyva
Lugonu


Innate Abilities, Weirdness & Mutations

You cannot wear boots.
Your serpentine skin is tough (AC +1).
You have supernaturally acute eyesight.
Armour fits poorly on your strangely shaped body.
Your system is resistant to poisons.
You cover ground very slowly.
You have a slow metabolism.
You can spit poison.


Message History

You block the bat's attack.
The orc wizard gestures wildly while chanting.
The orc wizard blinks!
The orc warrior hits you with a glaive!
You see here a quokka corpse.
You slash the orc warrior!
The orc warrior is severely wounded.
You closely miss the bat. The bat barely misses you.
The orc warrior hits you with a glaive. You block the bat's attack.
You hit the orc warrior.
The orc warrior is severely wounded.
You slash the orc wizard!
The orc wizard is heavily wounded.
You closely miss the bat. The bat barely misses you. The bat barely misses you.
The orc warrior hits you with a glaive.
* * * LOW HITPOINT WARNING * * *
The orc wizard hits you but does no damage.
You block the orc wizard's attack.
The orc warrior hits you with a glaive!!
Ouch! That really hurt!
You die...

#_#)))'.'..##.........
#_#)))#.#?|##......#..
#######'#####.........
#..........÷+.........
#+#####'#####......#..
#..#..#..##.........
#..'..'..#####+#####
##)####+###.......#
#.†@o....##.......#
#..bo....##.......#
#####+#####...<...#
#.......# #.......#
#.......# #########


You could see an orc warrior, an orc wizard and a bat.

Vanquished Creatures
  An orc priest (D)
  A worker ant (D)
  A gnoll (D)
  An adder (D)
  A giant gecko (D)
  A quokka (D)
  A ball python (D)
  A giant newt (D)
  A rat (D)
9 creatures vanquished.

Notes
Turn   | Place    | Note
--------------------------------------------------------------
     0 | D        | Groucho the Naga Fighter began the quest for the Orb.
     0 | D        | Reached XP level 1. HP: 21/21 MP: 1/1
    31 | D        | Found a sacrificial altar of Ru.
    31 | D        | Found a basalt altar of Yredelemnul.
    31 | D        | Found a shadowy altar of Dithmenos.
    31 | D        | Found a deep blue altar of Sif Muna.
    31 | D        | Found a burning altar of Makhleb.
    31 | D        | Found a shimmering altar of Xom.
    31 | D        | Found an ancient bone altar of Kikubaaqudgha.
    31 | D        | Found a sparkling altar of Nemelex Xobeh.
    32 | D        | Found a glowing golden altar of the Shining One.
    32 | D        | Found a bloodstained altar of Trog.
    32 | D        | Found a shattered altar of Ashenzari.
    32 | D        | Found a white marble altar of Elyvilon.
    32 | D        | Found a snail-covered altar of Cheibriados.
    32 | D        | Found a blossoming altar of Fedhas.
    32 | D        | Found a radiant altar of Vehumet.
    32 | D        | Found a glowing silver altar of Zin.
    32 | D        | Found a corrupted altar of Lugonu.
    32 | D        | Found a viscous altar of Jiyva.
    32 | D        | Found a roughly hewn altar of Beogh.
    32 | D        | Found an iron altar of Okawaru.
    38 | D        | Became a worshipper of Cheibriados the Contemplative
    39 | D        | Found a stormy altar of Qazlal.
    39 | D        | Found an opulent altar of Gozag.
    75 | D        | Reached skill level 1 in Spellcasting
    75 | D        | Reached skill level 1 in Invocations
    75 | D        | Reached XP level 2. HP: 20/28 MP: 1/4
   262 | D        | Reached * piety under Cheibriados
   269 | D        | Noticed a worker ant
   279 | D        | Killed a worker ant
   279 | D        | Reached skill level 1 in Dodging
   279 | D        | Reached XP level 3. HP: 15/36 MP: 5/7
   282 | D        | Reached ** piety under Cheibriados
   751 | D        | Noticed an orc priest
   755 | D        | Killed an orc priest
   755 | D        | Reached skill level 4 in Fighting
   755 | D        | Reached XP level 4. HP: 34/44 MP: 9/9
   826 | D        | Noticed an orc warrior
   826 | D        | Noticed an orc wizard
   827 | D        | Reached *** piety under Cheibriados
   832 | D        | Mangled by an orc warrior

Action                   |  1- 3 |  4- 6 || total
-------------------------+-------+-------++-------
Melee: War axe           |    26 |     5 ||    31
  Use: Potion            |     1 |       ||     1
